 Dungeon Crawl Stone Soup version 0.30-a0-883-g5ad918d77d (webtiles) character file.

Game seed: 2190543031383358622

54887 cheesebisquit the Grappler (level 14, -9/144 HPs)
             Began as a Troll Fighter on Mar 16, 2023.
             Mangled by an acid blob (35 damage)
             ... on level 1 of the Pits of Slime.
             The game lasted 01:23:15 (16402 turns).

cheesebisquit the Grappler (Troll Fighter)         Turns: 16402, Time: 01:23:15

Health: -9/144     AC: -4    Str: 31    XL:     14   Next: 36%
Magic:  13/13      EV: 11    Int:  4    God:
Gold:   1711       SH: 13    Dex: 15    Spells: 13/13 levels left

rFire   . . .      SeeInvis .      - Unarmed
rCold   . . .      Faith    .    b - +1 kite shield
rNeg    . . .      Spirit   .    X - +1 robe of Vines {NoPotionHeal Regen++++}
rPois   .          Reflect  .    (helmet restricted)
rElec   .          Rampage  .    q - +2 cloak
rCorr   .                        (gloves unavailable)
Will    +....                    (boots unavailable)
Stlth   +                        V - amulet of the acrobat
HPRegen 4.44/turn                l - +6 ring of dexterity
MPRegen 0.13/turn                j - +4 ring of protection

@: mighty, corroded, studying Fighting, invisible
A: large, unfitting armour, claws 3, regeneration 1, shaggy fur 1, tough skin 1
a: no special abilities


You were on level 1 of the Pits of Slime.
You visited 4 branches of the dungeon, and saw 19 of its levels.
You also visited: Sewer.

You collected 2407 gold pieces.
You spent 696 gold pieces at shops.

Inventory:

Hand Weapons
 T - a +1 vampiric giant spiked club
Missiles
 m - 10 large rocks
 B - 3 curare-tipped darts
 G - 4 poisoned darts
 K - 6 throwing nets
 P - 13 atropa-tipped darts
Armour
 b - a +1 kite shield (worn)
 n - the +1 troll leather armour of the Guilds {Regen+ Dex+3}
   (You bought it in a shop on level 6 of the Dungeon)

   Dex:       It affects your dexterity (+3).
   Regen:     It increases your rate of health regeneration.
 q - a +2 cloak (worn)
 X - the +1 robe of Vines (worn) {NoPotionHeal Regen++++}
   (You found it on level 2 of the Lair of Beasts)

   NoPotionHeal: Its wearer cannot be healed by potions.
   Regen:     It increases your rate of health regeneration.
Jewellery
 d - an amulet of faith
 j - a +4 ring of protection (right claw)
 l - a +6 ring of dexterity (left claw)
 r - a ring of positive energy
 v - a ring of see invisible
 x - a ring of flight
 D - a ring of resist corrosion
 M - a ring of poison resistance
 V - an amulet of the acrobat (around neck)
 W - an amulet of guardian spirit
Wands
 t - a wand of digging (4)
 w - a wand of iceblast (9)
 y - a wand of flame (12) (quivered)
 O - a wand of paralysis (10)
 R - a wand of acid (13)
Scrolls
 a - 4 scrolls of fog
 g - 7 scrolls of teleportation
 o - a scroll of silence
 p - 2 scrolls of fear
 F - 4 scrolls of vulnerability
 J - 2 scrolls of magic mapping {unknown}
 L - a scroll of brand weapon
 N - a scroll of amnesia {unknown}
 Q - 2 scrolls of torment {unknown}
 S - a scroll of blinking {unknown}
Potions
 c - 4 potions of might
 e - 3 potions of lignification
 f - 3 potions of flight
 h - 6 potions of curing
 i - a potion of haste {unknown}
 k - 3 potions of mutation
 s - 3 potions of ambrosia
 u - a potion of attraction {unknown}
 z - 3 potions of brilliance
 A - 2 potions of invisibility
 C - a potion of berserk rage {unknown}
 E - a potion of cancellation {unknown}
 H - 2 potions of magic {unknown}
 I - 4 potions of heal wounds


   Skills:
 + Level 10.6 Fighting
 + Level 12.4 Throwing
 + Level 5.0 Dodging
 + Level 10.6 Shields
 + Level 14.7 Unarmed Combat


You had 13 spell levels left.
You didn't know any spells.
Your spell library contained the following spells:

 Spells                   Type           Power      Damage    Failure   Level
 Apportation              Tloc           0%         N/A       71%         1
 Necrotise                Necr           0%         1d4       71%         1
 Sandblast                Erth           0%         2d4       71%         1
 Summon Small Mammal      Summ           0%         N/A       71%         1
 Blink                    Tloc           0%         N/A       83%         2
 Cigotuvi's Dreadful Rot  Necr/Pois/Air  0%         N/A       83%         2
 Lesser Beckoning         Tloc           0%         N/A       83%         2
 Momentum Strike          Conj/Tloc      0%         3d8       83%         2
 Call Canine Familiar     Summ           0%         N/A       97%         3
 Ignite Poison            Fire/Tmut/Pois 0%         N/A       97%         3
 Inner Flame              Hex/Fire       0%         N/A       97%         3
 Portal Projectile        Hex/Tloc       0%         N/A       97%         3
 Summon Guardian Golem    Hex/Summ       0%         N/A       97%         3
 Tukima's Dance           Hex            0%         N/A       97%         3
 Cause Fear               Hex            0%         N/A       100%        4
 Manifold Assault         Tloc           0%         N/A       100%        4
 Olgreb's Toxic Radiance  Pois           0%         N/A       100%        4
 Passage of Golubria      Tloc           0%         N/A       100%        4
 Sticky Flame             Conj/Fire      0%         2d3       100%        4
 Blade Hands              Tmut           0%         N/A       100%        5
 Borgnjor's Vile Clutch   Necr/Erth      0%         N/A       100%        5
 Silence                  Hex/Air        0%         N/A       100%        5
 Dragon Form              Tmut           0%         N/A       100%        7
 Storm Form               Tmut/Air       0%         N/A       100%        7
 Discord                  Hex            0%         N/A       100%        8
 Ignition                 Fire           0%         3d3       100%        8
 Lehudib's Crystal Spear  Conj/Erth      0%         10d2      100%        8
 Dragon's Call            Summ           0%         N/A       100%        9


Dungeon Overview and Level Annotations

Branches:
Dungeon (12/15)            Temple (1/1) D:4            Lair (5/5) D:9
 Shoals (0/4) Lair:2       Spider (0/4) Lair:3        Slime (1/5) Lair:5
    Orc (0/2) D:11          Sewer (visited)

Altars:
Ashenzari
Cheibriados
Dithmenos
Elyvilon
Fedhas
Gozag
Hepliaklqana
Kikubaaqudgha
Makhleb
Nemelex Xobeh
Okawaru
Qazlal
Ru
Sif Muna
Trog
Uskayaw
Vehumet
Wu Jian
Xom
Yredelemnul
Zin
The Shining One

Shops:
D:6 **

Annotations:
D:3 2 transporters


Innate Abilities, Weirdness & Mutations

You are too large for most types of armour.
You have claws for hands.
Your natural rate of healing is unusually fast.
You are covered in fur. (AC +1)
You have tough skin. (AC +1)


Message History

The acid blob is lightly wounded.
The acid blob spits acid at you. The splash of acid hits you!!
The puff of flame hits the acid blob.
The acid blob is lightly wounded.
The puff of flame hits the acid blob.
The acid blob is lightly wounded.
A shining eye comes into view.
The puff of flame hits the acid blob!
The acid blob is lightly wounded.
The acid blob spits acid at you. The splash of acid hits you!!
The acid corrodes you!
The puff of flame hits the acid blob.
The acid blob is moderately wounded.
You barely miss the acid blob.
The acid blob is lightly wounded.
You block the acid blob's attack.
You scratch the acid blob.
Your claws burn!
The acid blob is moderately wounded.
The acid blob spits acid at you. The splash of acid hits you!!
The acid corrodes you!
You scratch the acid blob but do no damage.
Your claws burn!
The acid blob is moderately wounded.
You block the acid blob's attack.
You claw the acid blob!
Your claws burn!
The acid blob is moderately wounded.
The acid blob hits you. The acid corrodes you!
You are splashed with acid!
You mangle the acid blob!! The acid corrodes you!
Your claws burn!
* * * LOW HITPOINT WARNING * * *
The acid blob is severely wounded.
The acid blob spits acid at you. The splash of acid hits you!!
* * * LOW HITPOINT WARNING * * *
You fade into invisibility!
You block the acid blob's attack.
Okay, then.
You feel very mighty all of a sudden. The acid blob hits you!!
You die...

..#
##...............##.#.#
...
##..................## #.
#...................# .
##.................##
#...............#....#
#.......>....#..###....#
...................##...#
....................##...
....#.....@.....#...# #.#
..........J.....##.## ##
.#.....#........###
...G.##.......# ....
#.#......# .. ...#..#.##
. .#.. ##### ..... .. ...


You could see an acid blob and a shining eye.

Vanquished Creatures
  An azure jelly (Slime:1)
  A quicksilver ooze (Slime:1)
  Erolcha (D:9)
  7 hydras
  3 catoblepae (Lair:5)
  A two-headed ogre (D:10)
  2 boulder beetles
  12 death yaks
  A skyshark (Lair:3)
  3 harpies (Lair:2)
  A deep elf pyromancer (D:12)
  An oklob plant (Lair:2)
  2 cyclopes (D:12)
  3 manticores
  4 black mambas
  6 elephants (Lair:3)
  2 torpor snails (Lair:5)
  7 cane toads
  A gargoyle (D:10)
  An unseen horror (D:10)
  11 komodo dragons
  2 rime drakes
  A tengu conjurer (D:11)
  4 trolls
  5 polar bears
  5 blink frogs (Lair:3)
  5 dream sheep (Lair:3)
  17 slime creatures
  2 shadows (D:11)
  5 wyverns
  A wraith (D:9)
  51 yaks
  7 basilisks
  Grum (D:10)
  2 redbacks (Lair:3)
  2 steam dragons
  2 vampire mosquitoes (D:11)
  An acid dragon (D:9)
  Duvessa (D:7)
  8 water moccasins
  A black bear (D:8)
  An ice beast (D:6)
  6 orc warriors
  4 boggarts (D:11)
  2 wolves (D:10)
  2 phantoms (D:6)
  5 centaurs
  A kobold brigand (D:9)
  12 bullfrogs
  A scorpion (D:5)
  8 wights (D:6)
  Dowan (D:7)
  3 killer bees (D:9)
  6 electric eels
  4 howler monkeys
  2 lava snakes (Lair:5)
  6 orc priests
  A hound (D:6)
  2 gnoll boudas (D:7)
  3 jellies
  10 iguanas
  3 sleepcaps
  11 orc wizards
  15 hell rats
  23 gnolls
  15 adders
  4 river rats (D:9)
  3 shadow imps
  3 white imps
  3 ufetubi
  2 worms
  2 dart slugs (D:1)
  25 orcs
  6 bats
  12 endoplasms
  13 giant cockroaches
  A goblin (D:4)
  11 hobgoblins
  16 quokkas
  21 ball pythons
  12 frilled lizards
  14 kobolds
  6 rats
495 creatures vanquished.

Vanquished Creatures (others)
  11 fungi
  18 plants
29 creatures vanquished.

Grand Total: 524 creatures vanquished

Notes
Turn   | Place    | Note
-------+----------+-------------------------------------------
     0 | D:1      | cheesebisquit the Troll Fighter began the quest for the
                  | Orb.
     0 | D:1      | Reached XP level 1. HP: 22/22 MP: 0/0
   183 | D:1      | Reached XP level 2. HP: 29/29 MP: 1/1
   195 | D:1      | Reached skill level 3 in Unarmed Combat
   490 | D:1      | Reached XP level 3. HP: 36/36 MP: 2/2
   709 | D:2      | Reached skill level 4 in Unarmed Combat
   833 | D:2      | Found a faded altar of an unknown god.
  1292 | D:3      | Found a transporter.
  1337 | D:3      | Found a transporter.
  1429 | D:3      | Reached XP level 4. HP: 35/44 MP: 3/3
  1729 | D:3      | Reached skill level 5 in Unarmed Combat
  2409 | D:4      | Reached XP level 5. HP: 50/50 MP: 4/4
  2505 | D:4      | Found a staircase to the Ecumenical Temple.
  2650 | D:4      | Reached skill level 6 in Unarmed Combat
  2751 | Temple   | Entered the Ecumenical Temple
  3031 | D:5      | Entered Level 5 of the Dungeon
  3138 | D:5      | Identified the +0 robe of the Constellations {Rampage
                  | Regen+ MP+9}
  3229 | D:5      | Reached skill level 1 in Throwing
  3229 | D:5      | Reached XP level 6. HP: 56/59 MP: 5/5
  3553 | D:5      | Found a sacrificial altar of Ru.
  3637 | D:5      | Reached XP level 7. HP: 48/66 MP: 6/6
  3816 | D:5      | Reached skill level 7 in Unarmed Combat
  4102 | D:6      | Found Muicubuv's General Store.
  4194 | D:6      | Found Egud's Overcharged Wands.
  4208 | D:6      | Reached skill level 8 in Unarmed Combat
  4208 | D:6      | Reached XP level 8. HP: 46/74 MP: 7/7
  4218 | D:6      | Reached skill level 5 in Throwing
  4245 | D:6      | Found a glowing drain.
  4253 | Sewer    | Entered a sewer
  4542 | D:6      | Reached skill level 9 in Unarmed Combat
  4651 | D:6      | Bought the +1 troll leather armour of the Guilds {Regen+
                  | Dex+3} for 366 gold pieces
  4904 | D:6      | Found a burning altar of Makhleb.
  5041 | D:7      | Reached XP level 9. HP: 53/80 MP: 8/8
  5159 | D:7      | Noticed Dowan
  5162 | D:7      | Noticed Duvessa
  5166 | D:7      | Killed Dowan
  5179 | D:7      | Killed Duvessa
  5552 | D:7      | Reached skill level 10 in Unarmed Combat
  6352 | D:9      | Found a staircase to the Lair.
  6352 | D:9      | Noticed a death yak
  6353 | D:9      | Noticed a death yak
  6369 | D:9      | Noticed a death yak
  6374 | D:9      | Killed a death yak
  6380 | D:9      | Killed a death yak
  6381 | D:9      | Reached XP level 10. HP: 29/92 MP: 9/9
  6408 | D:9      | Killed a death yak
  6569 | D:9      | Reached skill level 5 in Shields
  6569 | D:9      | Reached skill level 11 in Unarmed Combat
  6697 | D:9      | Found a white marble altar of Elyvilon.
  6953 | D:9      | Noticed Erolcha
  6971 | D:9      | Killed Erolcha
  6972 | D:9      | Reached skill level 5 in Fighting
  7309 | D:10     | Entered Level 10 of the Dungeon
  7430 | D:10     | Noticed a gargoyle
  7438 | D:10     | Killed a gargoyle
  7451 | D:10     | Noticed a two-headed ogre
  7467 | D:10     | Killed a two-headed ogre
  7468 | D:10     | Reached XP level 11. HP: 92/104 MP: 10/10
  7555 | D:10     | Noticed Grum
  7564 | D:10     | Killed Grum
  7960 | D:11     | Identified the +2 dagger "Tabre" {heavy, Fragile rPois
                  | Str+3 Int+2}
  8204 | D:11     | Reached skill level 12 in Unarmed Combat
  8814 | D:11     | Found a staircase to the Orcish Mines.
  9209 | D:6      | Bought an amulet of the acrobat for 330 gold pieces
  9622 | D:12     | Reached skill level 10 in Throwing
  9727 | D:12     | Reached XP level 12. HP: 97/115 MP: 11/11
  9804 | D:12     | Noticed a boulder beetle
  9813 | D:12     | Killed a boulder beetle
  9821 | D:12     | Got the Opusculum on Nocuous Bedrock
 10605 | Lair:1   | Entered Level 1 of the Lair of Beasts
 10932 | Lair:1   | Reached skill level 13 in Unarmed Combat
 11235 | Lair:1   | Noticed a boulder beetle
 11251 | Lair:1   | Killed a boulder beetle
 11761 | Lair:2   | Noticed a six-headed hydra
 11769 | Lair:2   | Killed a six-headed hydra
 11928 | Lair:2   | Found a staircase to the Shoals.
 11991 | Lair:2   | Noticed a six-headed hydra
 11998 | Lair:2   | Killed a six-headed hydra
 11999 | Lair:2   | Noticed a four-headed hydra
 12005 | Lair:2   | Killed a four-headed hydra
 12006 | Lair:2   | Reached XP level 13. HP: 110/127 MP: 12/12
 12017 | Lair:2   | Found the +1 robe of Vines {NoPotionHeal Regen++++}
 12060 | Lair:2   | You fall into a shaft and drop 2 floors!
 13015 | Lair:3   | Found a hole to the Spider Nest.
 13104 | Lair:3   | Identified 3 scrolls of acquirement
 13104 | Lair:3   | Acquired a manual of Fighting
 13910 | Lair:4   | Identified the +6 flail of Aqukk {heavy, rPois rC- Will+}
 14288 | Lair:4   | Reached skill level 14 in Unarmed Combat
 14541 | Lair:5   | Entered Level 5 of the Lair of Beasts
 14635 | Lair:5   | Found the +2 shield of Resistance {rF++ rC++ Will++}
 14679 | Lair:5   | Found a staircase to the Slime Pits.
 14725 | Lair:5   | Reached skill level 10 in Shields
 14930 | Lair:5   | Reached skill level 10 in Fighting
 14930 | Lair:5   | Reached XP level 14. HP: 72/143 MP: 13/13
 15747 | Lair:5   | Acquired 1069 gold pieces
 15749 | Lair:5   | Acquired a ring of poison resistance
 16043 | Slime:1  | Entered Level 1 of the Pits of Slime
 16135 | Slime:1  | Noticed a quicksilver ooze
 16145 | Slime:1  | Killed a quicksilver ooze
 16380 | Slime:1  | Noticed an azure jelly
 16389 | Slime:1  | Killed an azure jelly
 16389 | Slime:1  | Noticed an acid blob
 16390 | Slime:1  | Reached skill level 5 in Dodging
 16402 | Slime:1  | Mangled by an acid blob

Illustrated notes

Levels and vault maps discovered:
D:1:      enne_arrival_octagon_isle, layout_loops_cross
D:2:      layout_rooms, shapermc_ecumenical_altar_mp_highgroup,
          roderic_nine_men_s_morris
D:3:      gammafunk_wand_slinger, layout_basic
D:4:      layout_basic, minmay_temple_entry_glassed_door
D:5:      layout_gridville, nicolae_ru_sacrificial_ziggurat
D:6:      layout_rooms, makhleb_grotto_becter, serial_shops,
          nicolae_shop_behind_doors, cheibrodos_sewer_entry_sluice,
          hangedman_decor_opposing, nicolae_shop_overcharged_wands
D:7:      layout_loops_ring, eino_curves_03, nicolae_titane, uniq_duvessa
D:8:      layout_rooms
D:9:      layout_basic, mainiacjoe_overflow_surrounded_room, dpeg_lair_monsters,
          uniq_erolcha
D:10:     layout_rooms, uniq_grum
D:11:     layout_rooms, erik_orc_2, serial_co_window_serial, co_window_paths_a,
          co_window_corner_a, co_window_corner_a, co_window_paths_b,
          co_window_corner_a, co_window_broadway_c, co_window_of_opportunity_b,
          co_window_2corner, co_window_paths_c, co_window_unsneaky_path_c,
          co_window_paths_d, glass_columns_c, glass_columns_a,
          gauntlet_entry_generic
D:12:     layout_layer_cave
Temple:   compressed_dpeg_triangle_lava_temple
Lair:1:   layout_long_grid, grunt_megastairs_2
Lair:2:   beast_lair_carwin_large_3, layout_layer_cave,
          nicolae_shoals_entry_roost, hellmonk_guarded_unrand_vines
Lair:3:   layout_layer_cave, spider_nest_entry_webs, serial_bayou_shore_b
Lair:4:   layout_cave_pods, infiniplex_staircase_pool_2
Lair:5:   evilmike_catoblepas_cave, layout_gridlike, minmay_slime_entry_pillars
Slime:1:  layout_caves, cheibrodos_slime_lost_civilization_4

Skill      XL: |  1  2  3  4  5  6  7  8  9 10 11 12 13 14 |
---------------+-------------------------------------------+-----
Unarmed Combat | 3 4 5 6 8 9 10 11 12 13 14 | 14.7
Throwing       | 1 2 4 6 8 9 10 11 12 | 12.4
Shields        | 4 5 7 9 10 | 10.6
Fighting       | 4 5 6 8 10 | 10.6
Dodging        | 4 5 |  5.0

Action                     |  1- 3 |  4- 6 |  7- 9 | 10-12 | 13-15 || total
---------------------------+-------+-------+-------+-------+-------++-------
  Melee: Unarmed           |   114 |    86 |   353 |   428 |   419 ||  1400
  Throw: Dart              |     3 |     6 |    17 |    52 |    33 ||   111
         Boomerang         |       |    33 |       |   157 |    75 ||   265
         Stone             |       |     7 |    25 |     6 |     4 ||    42
         Throwing net      |       |       |     2 |       |       ||     2
         Large rock        |       |       |       |       |    19 ||    19
  Evoke: Wand              |       |       |       |    12 |    18 ||    30
    Use: Scroll            |       |     2 |    11 |     7 |     7 ||    27
         Potion            |       |       |       |     1 |     2 ||     3
   Stab: Sleeping          |     2 |       |       |       |       ||     2
         Distracted        |       |       |     1 |       |       ||     1
         Held in net/web   |       |       |       |       |     1 ||     1
 Armour: Robe              |    30 |    20 |    63 |       |   146 ||   259
         Troll leather arm |       |       |    50 |   108 |       ||   158
  Dodge: Dodged            |    33 |    30 |   112 |   106 |   165 ||   446
  Block: Kite shield       |    41 |    34 |   143 |   220 |   235 ||   673

Table legend: (Time is in decaauts)
 A = Elapsed time spent in this place.
 B = Non-inter-level travel time spent in this place.
 C = Inter-level travel time spent in this place.
 D = Time resting spent in this place.
 E = Time spent auto-exploring this place.
 F = Levels seen in this place.
 G = Mean time per level.
                   A        B        C        D        E       F      G
               +--------+--------+--------+--------+--------+-----+--------+
         Total |  16282 |  14721 |   1561 |    556 |  10937 |  20 |  814.1 |
       Dungeon |  10037 |   8880 |   1157 |     86 |   6937 |  12 |  836.4 |
        Temple |    258 |    231 |     27 |      0 |    221 |   1 |  258.0 |
          Lair |   5361 |   4984 |    377 |    222 |   3660 |   5 | 1072.2 |
    Slime Pits |    348 |    348 |      0 |    247 |     36 |   1 |  348.0 |
         Sewer |    276 |    276 |      0 |      0 |     83 |   1 |  276.0 |
               +--------+--------+--------+--------+--------+-----+--------+

Top non-repeatable levels by time:
    D:11: 1392 daAuts
  Lair:5: 1323 daAuts
  Lair:2: 1233 daAuts
     D:9: 1157 daAuts
  Lair:3: 1009 daAuts
    D:12: 1009 daAuts
     D:3: 1005 daAuts
     D:5: 999 daAuts
  Lair:4: 996 daAuts
     D:7: 951 daAuts
  Lair:1: 798 daAuts
     D:6: 662 daAuts
     D:2: 623 daAuts
    D:10: 622 daAuts
     D:1: 619 daAuts
